 Dungeon Crawl Stone Soup version 0.29.1-2-gbd0b4ee654 (webtiles) character file.

Game seed: 14825645858218774407

215 zeram the Chopper (level 5, 0/47 HPs)
             Began as a Hill Orc Fighter on Nov 6, 2022.
             Slain by a gnoll
             ... wielding a +0 spear
              (6 damage)
             ... on level 4 of the Dungeon.
             The game lasted 00:03:23 (2834 turns).

zeram the Chopper (Hill Orc Fighter)                Turns: 2834, Time: 00:03:23

Health: 0/47       AC:  9    Str: 21    XL:     5   Next: 92%
Magic:  14/14      EV:  9    Int:  8    God:
Gold:   110        SH:  4    Dex: 10    Spells: 4/4 levels left

rFire   . . .      SeeInvis .   a - +1 war axe
rCold   . . .      Faith    .   c - +0 buckler
rNeg    . . .      Spirit   .   b - +0 scale mail
rPois   .          Reflect  .   p - +1 helmet
rElec   .          Harm     .   (no cloak)
rCorr   .          Rampage  .   (no gloves)
Will    .....                   (no boots)
Stlth   ..........              r - amulet of magic regeneration
HPRegen 0.15/turn               h - ring of magical power
MPRegen 0.54/turn               (no ring)

@: mighty, brilliant
A: no striking features
a: no special abilities


You were on level 4 of the Dungeon.
You visited 1 branch of the dungeon, and saw 4 of its levels.

You collected 110 gold pieces.

Inventory:

Hand Weapons
 a - a +1 war axe (weapon)
Armour
 b - a +0 scale mail (worn)
 c - a +0 buckler (worn)
 p - a +1 helmet (worn)
Jewellery
 h - a ring of magical power (left hand)
 r - an amulet of magic regeneration (around neck)
Scrolls
 g - 2 scrolls of vulnerability
 k - a scroll of blinking
 n - a scroll of fear
 q - a scroll of brand weapon {unknown}
Potions
 e - a potion of brilliance
 f - a potion of haste {unknown}
 i - a potion of degeneration {unknown}
 j - a potion of magic {unknown}
 l - a potion of curing
 m - a potion of cancellation {unknown}
 o - a potion of ambrosia {unknown}
 s - 3 potions of invisibility {unknown}


   Skills:
 + Level 4.8 Fighting
 + Level 5.2 Axes
 + Level 4.3 Armour
 + Level 0.7 Dodging
 + Level 3.9 Shields


You had 4 spell levels left.
You didn't know any spells.
Your spell library contained the following spells:

 Spells                   Type           Power      Damage    Failure   Level
 Stone Arrow              Conj/Erth      0%         3d7       99%         3
 Animate Armour           Summ/Erth      0%         N/A       100%        4
 Lehudib's Crystal Spear  Conj/Erth      0%         10d2      100%        8


Dungeon Overview and Level Annotations

Branches:
Dungeon (4/15)
 Temple: D:4-7

Altars:
Hepliaklqana
Nemelex Xobeh
Wu Jian


Message History

You are no longer poisoned.
The gnoll barely misses you.
The kobold brigand hits you with a +0 club.
* * * LOW HITPOINT WARNING * * *
The gnoll hits you but does no damage. The kobold brigand closely misses you.
You closely miss the kobold brigand.
The kobold brigand is severely wounded.
The gnoll closely misses you.
The kobold brigand hits you but does no damage.
The gnoll hits you but does no damage.
The kobold brigand hits you but does no damage.
Unknown command.
It was a potion of brilliance.
You feel clever all of a sudden. The gnoll completely misses you.
The kobold brigand closely misses you.
It was a potion of curing.
You feel better. The gnoll hits you but does no damage.
The kobold brigand hits you with a +0 club.
The kobold brigand barely misses you.
The gnoll hits you from afar with a +0 spear.
* * * LOW HITPOINT WARNING * * *
You closely miss the kobold brigand.
The kobold brigand is severely wounded.
The gnoll hits you from afar with a +0 spear.
* * * LOW HITPOINT WARNING * * *
The kobold brigand hits you with a +0 club.
* * * LOW HITPOINT WARNING * * *
You block the gnoll's attack.
The kobold brigand completely misses you.
You hit the kobold brigand.
The kobold brigand is almost dead.
The gnoll hits you but does no damage.
The kobold brigand hits you with a +0 club.
* * * LOW HITPOINT WARNING * * *
Unknown command.
You slice the kobold brigand!!
You kill the kobold brigand!
You feel yourself speed up.
The gnoll hits you from afar with a +0 spear.
You die...

#...<..#.......#
#..............#
#.............##
#.............# ##
#.............#...
#...##............
#...............##
#........?†....##
......)@.......#
......†)..#..#.#
..#..g....#......
................#
.##..............
...##.....$.....
.##. #......... #
..........


You could see a gnoll.

Vanquished Creatures
  An ogre (D:3)
  A kobold brigand (D:4)
  8 adders
  A worm (D:2)
  2 dart slugs
  6 orcs
  A bat (D:2)
  6 endoplasms
  3 giant cockroaches
  3 goblins
  6 hobgoblins
  4 kobolds
  A quokka (D:2)
  5 ball pythons
  A frilled lizard (D:3)
  4 rats
53 creatures vanquished.

Notes
Turn   | Place    | Note
-------+----------+-------------------------------------------
     0 | D:1      | zeram the Hill Orc Fighter began the quest for the Orb.
     0 | D:1      | Reached XP level 1. HP: 19/19 MP: 1/1
   232 | D:1      | Reached XP level 2. HP: 27/27 MP: 2/2
   322 | D:1      | Found a faded altar of an unknown god.
   854 | D:2      | Reached XP level 3. HP: 31/34 MP: 3/3
   905 | D:2      | Reached skill level 3 in Axes
  1385 | D:2      | Found a sparkling altar of Nemelex Xobeh.
  1746 | D:3      | Reached XP level 4. HP: 41/41 MP: 4/4
  1853 | D:3      | Found a sparkling altar of Nemelex Xobeh.
  2144 | D:3      | Reached skill level 4 in Axes
  2368 | D:3      | Noticed an ogre
  2374 | D:3      | Killed an ogre
  2375 | D:3      | Reached skill level 5 in Axes
  2375 | D:3      | Reached XP level 5. HP: 20/47 MP: 5/5
  2775 | D:4      | Found a hazy altar of Hepliaklqana.
  2808 | D:4      | Found an ornate altar of the Wu Jian Council.
  2822 | D:4      | Noticed a kobold brigand
  2834 | D:4      | Killed a kobold brigand
  2834 | D:4      | Slain by a gnoll

Illustrated notes

Levels and vault maps discovered:
D:1:      nicolae_arrival_washed_ashore, layout_loops_ring,
          ebering_ecumenical_altar_rust
D:2:      layout_loops_ring, basic_altar, minmay_misc_feat_five
D:3:      layout_loops_cross, nemelex_spade_bored_becter,
          chequers_serial_rivers_micro_c, minivault_23
D:4:      minmay_chambers_of_twos, layout_cave_pools, grunt_gozag_breadcrumbs,
          mainiacjoe_overflow_catch_the_wave

Skill      XL: |  1  2  3  4 |
---------------+-------------+-----
Fighting       | 4 |  4.8
Axes           | 3 5 |  5.2
Armour         | 4 |  4.3
Dodging        | |  0.7
Shields        | |  3.9

Action                   |  1- 3 |  4- 6 || total
-------------------------+-------+-------++-------
Melee: War axe           |    85 |    70 ||   155
  Use: Scroll            |     7 |       ||     7
       Potion            |       |     4 ||     4
Armor: Scale mail        |    26 |    37 ||    63
Dodge: Dodged            |    55 |    50 ||   105
Block: Buckler           |    25 |    14 ||    39
